 Dungeon Crawl Stone Soup version 0.25-a0-1057-gcb8d101 (webtiles) character file.

Game seed: 783968669279206653, levelgen mode: deterministic

97 BlueFish the Grasshopper (level 4, -3/29 HPs)
             Began as an Octopode Warper on May 13, 2020.
             Slain by an orc priest
             ... wielding a +0 flail
              (9 damage)
             ... on level 3 of the Dungeon.
             The game lasted 00:04:18 (2072 turns).

BlueFish the Grasshopper (Octopode Warper)          Turns: 2072, Time: 00:04:19

Health: -3/29      AC:  1    Str: 11    XL:     4   Next: 68%
Magic:  6/7        EV: 14    Int: 15    God:
Gold:   158        SH:  0    Dex: 11    Spells: 3/7 levels left

rFire    . . .     SeeInvis .     - Unarmed
rCold    . . .     Gourm    .   (no shield)
rNeg     . . .     Faith    +   (helmet restricted)
rPois    .         Spirit   .   g - amulet of faith
rElec    .         Reflect  .   (no ring)
rCorr    .         Harm     .   (no ring)
MR       .....                  (no ring)
Stlth    +++.......             (no ring)
HPRegen  0.09/turn              (no ring)
MPRegen  0.10/turn              (no ring)
                                (no ring)
                                (no ring)

@: no status effects
A: almost no armour, stealthy swim, amphibious, 8 rings, constrict 8, camouflage
1, gelatinous body 1
a: no special abilities


You were on level 3 of the Dungeon.
You were not hungry.

You visited 1 branch of the dungeon, and saw 3 of its levels.

You collected 158 gold pieces.

Inventory:

Missiles
 c - 5 boomerangs of dispersal (quivered)
 e - 55 stones
 k - 2 datura-tipped darts
 l - 5 atropa-tipped darts
Jewellery
 g - an amulet of faith (around mantle)
Wands
 o - a wand of paralysis (1)
Scrolls
 b - a scroll of blinking
 h - a scroll of teleportation
 j - a scroll of amnesia {unknown}
 m - a scroll of noise {unknown}
Potions
 f - a potion of flight {unknown}
 i - a potion of might
 n - a potion of berserk rage {unknown}
 p - a potion of brilliance {unknown}
Comestibles
 a - 3 chunks of flesh
 d - 3 rations


   Skills:
 * Level 2.3 Fighting
 * Level 1.7 Throwing
 * Level 2.9 Dodging
 * Level 2.6 Stealth
 * Level 2.8 Unarmed Combat
 + Level 2.2 Spellcasting
 + Level 0.3 Charms
 + Level 3.1 Translocations


You had 3 spell levels left.
You knew the following spells:

 Your Spells              Type           Power        Failure   Level  Hunger
a - Shroud of Golubria    Chrm/Tloc      #.....       16%         2    ###....
b - Blink                 Tloc           N/A          9%          2    ###....

Your spell library contained the following spells:

 Spells                   Type           Power        Failure   Level  Hunger
 Gell's Gravitas          Tloc           ##........   19%         3    ###....
 Lesser Beckoning         Tloc           ##........   19%         3    ###....
 Teleport Other           Tloc           ##......     19%         3    ###....
 Passage of Golubria      Tloc           N/A          52%         4    #####..


Dungeon Overview and Level Annotations

Branches:
Dungeon (3/15)

Altars:


Innate Abilities, Weirdness & Mutations

You cannot wear most types of armour.
You are very stealthy in the water. (Stealth+)
You are amphibious.
You can wear up to eight rings at the same time.
You can use your tentacles to constrict eight enemies at once.
Your skin changes colour to match your surroundings (Stealth+).
Your rubbery body absorbs attacks. (AC +1, EV +1)


Message History

The orc priest invokes the aid of Beogh against you.
Beogh smites you!
* * * LOW HITPOINT WARNING * * *
You tentacle-slap the orc priest.
The orc priest is moderately wounded.
Your shroud unravels.
You constrict the orc priest. The orc priest completely misses you.
You barely miss the orc priest.
The orc priest is moderately wounded.
You constrict the orc priest.
The orc priest hits you with a +0 flail.
* * * LOW HITPOINT WARNING * * *
You tentacle-slap the orc priest.
The orc priest is severely wounded.
You constrict the orc priest, but do no damage.
You tentacle-slap the orc priest but do no damage.
The orc priest is severely wounded.
You constrict the orc priest.
The orc priest hits you with a +0 flail!
You die...

........########
######....
................
.....
..#.....########
..... .
#............#
......
#.(..........#
......
#............#
...b...
#.....##.#####
..## #.....##.#
#.....##@#
#.....##o#
###### #o# #o#
#.# #.# #.# #.#


You could see an orc priest and 2 orcs.

Vanquished Creatures
  Ijyb (D:3)
  An adder (D:3)
  2 oozes (D:1)
  2 dart slugs (D:2)
  A leopard gecko (D:2)
  6 orcs (D:3)
  2 bats
  2 giant cockroaches
  5 hobgoblins
  2 quokkas
  6 frilled lizards
  2 goblins
  4 kobolds
  A leopard gecko skeleton (D:3)
  11 rats
48 creatures vanquished.

Notes
Turn   | Place    | Note
-------+----------+-------------------------------------------
     0 | D:1      | BlueFish the Octopode Warper began the quest for the Orb.
     0 | D:1      | Reached XP level 1. HP: 14/14 MP: 3/3
   100 | D:1      | Reached XP level 2. HP: 18/19 MP: 5/5
   438 | D:1      | Reached XP level 3. HP: 24/24 MP: 6/6
   442 | D:1      | Learned a level 2 spell: Shroud of Golubria
   445 | D:1      | Learned a level 2 spell: Blink
  1157 | D:2      | Reached skill level 1 in Stealth
  1331 | D:2      | Found a faded altar of an unknown god.
  1876 | D:3      | Reached XP level 4. HP: 29/29 MP: 3/7
  1911 | D:3      | Noticed Ijyb
  1917 | D:3      | Paralysed by Ijyb for 3 turns
  1926 | D:3      | Killed Ijyb
  2072 | D:3      | Slain by an orc priest

Illustrated notes

Levels and vault maps discovered:
D:1:      wander_arrival_peaceful_grave, layout_loops_corners
D:2:      layout_loops_ring, first_ration, chequers_ecumenical_altar_island
D:3:      layout_basic, uniq_ijyb

Skill      XL: |  1  2  3 |
---------------+----------+-----
Stealth        | 2 |  2.6
Fighting       | |  2.3
Throwing       | |  1.7
Dodging        | |  2.9
Unarmed Combat | |  2.8
Spellcasting   | |  2.2
Charms         | |  0.3
Translocations | |  3.1

Action                   |  1- 3 |  4- 6 || total
-------------------------+-------+-------++-------
Melee: Unarmed           |    91 |    29 ||   120
       Constrict         |    22 |     8 ||    30
       Tentacles         |    12 |     5 ||    17
       Punch             |     3 |       ||     3
 Cast: Shroud of Golubri |     6 |     3 ||     9
  Use: Scroll            |     7 |       ||     7
       Potion            |       |     1 ||     1
 Stab: Sleeping          |    15 |       ||    15
  Eat: Chunk             |     3 |     1 ||     4
Armor: Skin              |     5 |     1 ||     6
Dodge: Dodged            |    46 |    12 ||    58

Table legend:
 A = Non-vault XP
 B = Vault XP
 C = Vault XP percentage of total XP
 D = Non-vault monster count
 E = Vault monster count
 F = Vault count percentage of total count
                 A         B        C        D         E       F
            +---------+---------+-------+---------+---------+-------
      Total |     103 |      36 |  25.9 |      47 |       1 |   2.1
            +---------+---------+-------+---------+---------+-------
        D:1 |      40 |       0 |   0.0 |      23 |       0 |   0.0
        D:2 |      24 |       0 |   0.0 |      11 |       0 |   0.0
        D:3 |      39 |      36 |  48.0 |      13 |       1 |   7.1
            +---------+---------+-------+---------+---------+-------
